 Dungeon Crawl Stone Soup version 0.16-a0-3003-ga5c7ff4 (webtiles) character file.

106693 MackTheKnife the Severer (level 15, -7/136 HPs)
             Began as a Minotaur Berserker on Dec 7, 2014.
             Was the Champion of Trog.
             Mangled by a dire flail of protection (24 damage)
             ... on level 2 of the Elven Halls.
             The game lasted 01:09:29 (26310 turns).

MackTheKnife the Severer (Minotaur Berserker)      Turns: 26310, Time: 01:09:29

Health: -7/136     AC: 16    Str: 27    XL:     15   Next: 98%
Magic:  24/25      EV: 18    Int:  4    God:    Trog [******]
Gold:   854        SH:  0    Dex: 18    Spells: 0 memorised, 14 levels left

rFire  + + .     SeeInvis .     a - +7 battleaxe "Shrit" {venom, +Inv rElec rF++ rC+}
rCold  + + .     Clarity  .     H - +2 ring mail {rC+}
rNeg   + . .     SustAb   .     (no shield)
rPois  .         Gourm    .     (helmet restricted)
rElec  +         Spirit   .     D - +0 cloak "Ethieceh" {Str+3 Dex+1 Curse}
rCorr  .         Warding  +     N - +1 pair of gloves {Str+3}
rMut   .         Stasis   .     U - +2 pair of boots
MR     ++...                    A - amulet of warding
Stlth  +.........               (no ring)
                                L - ring of protection from magic

@: very slightly contaminated, invisible, very resistant to hostile
enchantments, very unstealthy
A: retaliatory headbutt, horns 2, talons 1
a: Burn Spellbooks, Berserk, Trog's Hand, Brothers in Arms, Renounce Religion,
Turn Visible


You were on level 2 of the Elven Halls.
You worshipped Trog.
Trog was exalted by your worship.
You were not hungry.

You visited 5 branches of the dungeon, and saw 26 of its levels.
You also visited: Labyrinth, Bailey, Ice Cave and Volcano.

You collected 2974 gold pieces.
You spent 2120 gold pieces at shops.


Innate Abilities, Weirdness & Mutations

You reflexively headbutt those who attack you in melee.
You have a pair of horns on your head.
You have sharp toenails.


   Skills:
 - Level 13.5 Fighting
 - Level 18.2(20.0) Axes
 - Level 15.0(18.5) Maces & Flails
 + Level 9.7 Armour
 + Level 9.8 Dodging
 - Level 10.0 Evocations


You had 14 spell levels left.
You didn't know any spells.

Inventory:

Hand weapons
 a - the +7 battleaxe "Shrit" (weapon) {venom, +Inv rElec rF++ rC+}
   (You found it in a bailey)

   It poisons the flesh of those it strikes.
   It greatly protects you from fire.
   It protects you from cold.
   It insulates you from electricity.
   It lets you turn invisible.
 c - a +6 morningstar of holy wrath
Missiles
 d - 15 stones (quivered)
 m - 6 tomahawks of dispersal
Armour
 D - the +0 cloak "Ethieceh" (worn) {Str+3 Dex+1 Curse}
   (You acquired it in a bailey)

   It affects your strength (+3).
   It affects your dexterity (+1).
   It may recurse itself when equipped.
 H - a +2 ring mail of cold resistance (worn)
 N - a +1 pair of gloves of strength (worn)
 U - a +2 pair of boots (worn)
Rods
 b - a +1 rod of shadows (9/9) {!a}
   (You bought it in a shop on level 4 of the Orcish Mines)
Jewellery
 o - an uncursed amulet of stasis
 A - an amulet of warding (around neck)
 L - a ring of protection from magic (left hand)
 R - an uncursed amulet of resist mutation
Magical devices
 j - a wand of disintegration (22)
 n - a wand of digging (4)
 v - a wand of disintegration (13)
 y - a wand of teleportation (0)
 C - a wand of heal wounds (3)
 G - a wand of digging (9)
 O - a wand of draining (0)
 Q - a wand of paralysis (10)
Scrolls
 e - 7 scrolls of teleportation
 h - 12 scrolls of remove curse
 l - 4 scrolls of enchant armour
 p - a scroll of fear
 q - 3 scrolls of identify
 t - 2 scrolls of fog
 E - 2 scrolls of recharging
 M - 3 scrolls of blinking
Potions
 i - 8 potions of curing
 k - 2 potions of resistance
 r - 5 potions of berserk rage
 s - 3 potions of agility
 u - 2 potions of might
 w - a potion of cure mutation
 x - 2 potions of haste
 z - 5 potions of brilliance
 B - 2 potions of restore abilities
 K - 4 potions of heal wounds
Comestibles
 f - 10 beef jerkies
 g - 27 fruits
 F - 11 bread rations
 I - 6 meat rations
 J - a slice of pizza

#. #### ... ###..# .....
###...## .....# ###.....#
#.....# #######...)..##
'......
######..##........###'.......
................H7...'.......
######..##......T.###'.......
#######......## '......
###...).# #.....# ###...##
.....# ###..# ..... #### ...
#.


You could see a dire flail of protection and a friendly deep troll (berserk).


Message History

Unknown command.
Use which ability? (? or * to list)
You fade into invisibility!
You are very lightly contaminated with residual magic.
You feel somewhat more hungry. The dire flail of protection hits you!
* * * LOW HITPOINT WARNING * * *
Unknown command.
You miss the dire flail of protection.
The dire flail of protection is heavily damaged.
The dire flail of protection hits you!
* * * LOW HITPOINT WARNING * * *
You miss the dire flail of protection.
The dire flail of protection is heavily damaged.
The dire flail of protection hits you!!
* * * LOW HITPOINT WARNING * * *
Drink which item? (? for menu, Esc to quit)
You feel much better.
The dire flail of protection misses you.
You furiously retaliate!
You headbutt the dire flail of protection, but do no damage.
The dire flail of protection hits you!
* * * LOW HITPOINT WARNING * * *
Use which ability? (? or * to list)
Your deep troll goes berserk!
You feel somewhat more hungry.
The dire flail of protection barely misses you.
You furiously retaliate!
You headbutt the dire flail of protection, but do no damage.
The dire flail of protection hits you!!
You die...

Action                   |  1- 3 |  4- 6 |  7- 9 | 10-12 | 13-15 || total
-------------------------+-------+-------+-------+-------+-------++-------
Melee: Mace              |    27 |   146 |       |       |       ||   173
       Flail             |       |     7 |   429 |    56 |       ||   492
       Dire flail        |       |       |       |   248 |       ||   248
       Battleaxe         |       |       |       |   303 |   830 ||  1133
       Demon whip        |       |       |       |     1 |     7 ||     8
       Morningstar       |       |       |       |       |     8 ||     8
Throw: Stone             |       |       |       |     2 |     1 ||     3
Invok: Berserk           |     1 |     1 |     4 |    12 |     6 ||    24
       Trog's Hand       |       |       |     3 |     3 |     8 ||    14
       Brothers in Arms  |       |       |     1 |     6 |     6 ||    13
       Burn Spellbooks   |       |       |       |     1 |       ||     1
 Abil: Evoke Invisibilit |       |       |       |       |     2 ||     2
Evoke: Wand              |       |       |       |     1 |     5 ||     6
       Rod               |       |       |       |       |     4 ||     4
  Use: Scroll            |       |     1 |    12 |    14 |     9 ||    36
       Potion            |       |       |     4 |     3 |     6 ||    13
 Stab: Distracted        |       |       |       |       |     4 ||     4
  Eat: Chunk             |     1 |     5 |     7 |    14 |    11 ||    38
       Bread ration      |       |     1 |       |     1 |     3 ||     5
       Meat ration       |       |       |     2 |     3 |     3 ||     8
       Royal jelly       |       |       |       |     2 |     1 ||     3
       Pizza             |       |       |       |     2 |     1 ||     3
       Beef jerky        |       |       |       |     1 |       ||     1

Vault maps used:
D:1:      ncdulo_watergridlock, minmay_misc_feat_plants
D:3:      dk_noncrumbling_4, kennysheep_cross_room
D:4:      grunt_temple_overflow_open, minmay_goblin_kobold_house,
          uniq_eustachio, uniq_grinder
D:5:      lemuel_coloured_pillars_altar, minmay_temple_entry_overgrown,
          first_bread
D:7:      cheibriados_altar_wand_db, serial_shops, kennysheep_mini,
          grunt_ogre_cave
D:8:      lemuel_upstairs_altar, serial_co_window_serial, co_window_paths_a,
          co_window_corner_a, co_window_paths_b, co_window_paths_a,
          co_window_of_opportunity_a, co_window_of_opportunity_b,
          co_window_corner_cb, co_window_of_opportunity_b,
          co_window_unsneaky_path_a, co_window_sun, co_window_paths_d
D:9:      orc_0_dummy, lightli_minifort, uniq_erolcha
D:10:     erik_lair_boring, serial_shops, shop
D:11:     enter_bailey_3
Temple:   nicolae_temple_god_jail
Lair:1:   basic_altar, lab_entry_generic
Lair:2:   portal_ice_cave_entry_imps
Lair:3:   serial_bayou, serial_bayou_ford_a, serial_bayou_crossing,
          serial_bayou_shore_a, serial_bayou_pond_a
Lair:4:   grunt_megastairs_2
Lair:5:   spider_nest_entry_web_field
Lair:6:   minmay_shoals_entry_lonely_mermaid, nicolae_volcano_entry_batcave
Lair:7:   slime_altar_1, st_stairs_4, wad_woods_03, serial_bayou_shore_b
Lair:8:   hangedman_lair_tendril_chambers, mumra_transporter_accident
Orc:1:    serial_shops, shop, baited_tele_trap
Orc:2:    serial_shops, nicolae_shop_overgrown_old_shop, basic_altar,
          nicolae_orc_pool_cavern
Orc:4:    nicolae_orc_accident_1, st_orc_rangers, uniq_erica
Elf:1:    minmay_elf_arrival_plus, minmay_elf_crystal_hexagon
Elf:2:    serial_hangedman_research, hangedman_research_quantum,
          hangedman_research_convocations, hangedman_research_geology,
          hangedman_research_metamorphosis, uniq_norris, uniq_jorgrun
Lab:      labyrinth_mini_lab, nicolae_lab_hexagon, nicolae_lab_statue,
          labyrinth_fake_exit
Bailey:   bailey_axe_minmay_hex_keep, bailey
IceCv:    ice_cave_small_demon
Volcano:  volcano_village

Notes
Turn   | Place    | Note
--------------------------------------------------------------
     0 | D:1      | MackTheKnife, the Minotaur Berserker, began the quest for the Orb.
     0 | D:1      | Reached XP level 1. HP: 19/19 MP: 1/1
   306 | D:1      | Reached skill level 4 in Maces & Flails
   696 | D:2      | Reached XP level 2. HP: 24/26 MP: 1/1
   802 | D:2      | Reached skill level 5 in Maces & Flails
   802 | D:2      | Reached XP level 3. HP: 29/31 MP: 2/2
   897 | D:2      | Reached skill level 6 in Maces & Flails
   897 | D:2      | Reached XP level 4. HP: 33/39 MP: 2/2
   971 | D:2      | Acquired Trog's second power
  1453 | D:3      | Reached XP level 5. HP: 45/45 MP: 2/2
  1521 | D:3      | Reached skill level 7 in Maces & Flails
  2356 | D:4      | Noticed Eustachio
  2368 | D:4      | Killed Eustachio
  2368 | D:4      | Reached skill level 8 in Maces & Flails
  2368 | D:4      | Reached XP level 6. HP: 51/51 MP: 3/3
  2491 | D:4      | Reached skill level 9 in Maces & Flails
  3089 | D:4      | Reached XP level 7. HP: 42/57 MP: 3/3
  3196 | D:4      | Found a shimmering altar of Xom.
  3207 | D:4      | Reached skill level 10 in Maces & Flails
  3209 | D:4      | Acquired Trog's third power
  3267 | D:4      | Found a burning altar of Makhleb.
  3358 | D:4      | Found a shadowy altar of Dithmenos.
  3359 | D:4      | Found a deep blue altar of Sif Muna.
  3399 | D:4      | Noticed Grinder
  3409 | D:4      | Killed Grinder
  3409 | D:4      | Reached skill level 11 in Maces & Flails
  3682 | D:5      | Entered Level 5 of the Dungeon
  3701 | D:5      | Found a staircase to the Ecumenical Temple.
  3722 | D:5      | Reached skill level 4 in Fighting
  3722 | D:5      | Reached skill level 3 in Armour
  3722 | D:5      | Reached XP level 8. HP: 55/66 MP: 3/3
  3780 | Temple   | Entered the Ecumenical Temple
  3927 | D:5      | Reached skill level 5 in Fighting
  3927 | D:5      | Reached skill level 4 in Armour
  4155 | D:5      | Reached skill level 5 in Armour
  4414 | D:5      | Reached skill level 6 in Fighting
  4555 | D:5      | Found a sparkling altar of Nemelex Xobeh.
  4669 | D:5      | Received a gift from Trog
  4796 | D:6      | Reached skill level 6 in Armour
  4849 | D:6      | Reached skill level 7 in Fighting
  4930 | D:6      | Reached skill level 3 in Dodging
  4930 | D:6      | Reached XP level 9. HP: 70/79 MP: 4/4
  5694 | D:7      | Reached skill level 4 in Dodging
  5851 | D:7      | Reached skill level 8 in Fighting
  6093 | D:7      | Reached skill level 5 in Dodging
  6146 | D:7      | Found Ucimuda's Weapon Shoppe.
  6349 | D:7      | Reached skill level 9 in Fighting
  6508 | D:7      | Reached skill level 6 in Dodging
  6514 | D:7      | Received a gift from Trog
  6765 | D:7      | Found a snail-covered altar of Cheibriados.
  7427 | D:8      | Reached skill level 10 in Fighting
  7427 | D:8      | Reached skill level 7 in Dodging
  7807 | D:9      | Noticed Erolcha
  7815 | D:9      | Killed Erolcha
  7815 | D:9      | Reached skill level 12 in Maces & Flails
  7815 | D:9      | Reached XP level 10. HP: 93/93 MP: 4/4
  7911 | D:9      | Found a staircase to the Orcish Mines.
  8508 | D:9      | Received a gift from Trog
  8735 | D:9      | Noticed a cyclops
  8738 | D:9      | Reached skill level 13 in Maces & Flails
  8742 | D:9      | Killed a cyclops
  8925 | D:10     | Entered Level 10 of the Dungeon
  9046 | D:10     | Found a staircase to the Lair.
  9071 | D:10     | Found Baufucw's Distillery.
  9082 | D:10     | Bought a potion of heal wounds for 55 gold pieces
  9205 | D:10     | Noticed a hill giant
  9216 | D:10     | Killed a hill giant
  9216 | D:10     | Reached skill level 14 in Maces & Flails
  9423 | D:10     | Noticed a hill giant
  9439 | D:10     | Killed a hill giant
  9804 | D:10     | Noticed a hill giant
  9810 | D:10     | Killed a hill giant
  9810 | D:10     | Reached skill level 15 in Maces & Flails
  9810 | D:10     | Reached XP level 11. HP: 92/99 MP: 4/4
  9880 | D:10     | Killed an unseen horror
 10292 | D:11     | Noticed a hill giant
 10301 | D:11     | Killed a hill giant
 10301 | D:11     | Reached skill level 11 in Fighting
 10535 | D:11     | Found a flagged portal.
 10556 | Bailey   | Entered a bailey
 10742 | Bailey   | Received a gift from Trog
 10922 | Bailey   | Reached skill level 12 in Fighting
 11001 | Bailey   | Noticed an orc warlord
 11018 | Bailey   | Killed an orc warlord
 11043 | Bailey   | Got an ichor-stained battleaxe
 11066 | Bailey   | Identified a scroll of acquirement
 11067 | Bailey   | Got a faintly humming cloak
 11073 | Bailey   | Identified the +0 cloak "Ethieceh" {Str+3 Dex+1 Curse} (You acquired it in a bailey)
 11073 | Bailey   | Identified the +7 battleaxe "Shrit" {venom, +Inv rElec rF++ rC+} (You found it in a bailey)
 11249 | D:11     | Reached skill level 1 in Axes
 11294 | D:11     | Reached skill level 2 in Axes
 11533 | D:11     | Noticed a skeletal warrior
 11533 | D:11     | Reached skill level 3 in Axes
 11539 | D:11     | Killed a skeletal warrior
 11544 | D:11     | Noticed a skeletal warrior
 11546 | D:11     | Noticed a skeletal warrior
 11550 | D:11     | Killed a skeletal warrior
 11550 | D:11     | Reached skill level 4 in Axes
 11552 | D:11     | Killed a skeletal warrior
 11552 | D:11     | Reached skill level 5 in Axes
 11708 | D:11     | Reached skill level 6 in Axes
 11870 | D:11     | Reached skill level 7 in Axes
 12305 | Lair:1   | Entered Level 1 of the Lair of Beasts
 12343 | Lair:1   | Reached skill level 8 in Axes
 12343 | Lair:1   | Reached XP level 12. HP: 65/113 MP: 5/5
 12350 | Lair:1   | Found a labyrinth entrance.
 12359 | Lab      | Entered a labyrinth
 12683 | Lab      | Noticed a minotaur
 12690 | Lab      | Killed a minotaur
 12839 | Lair:1   | Reached skill level 9 in Axes
 13003 | Lair:1   | Found a sacrificial altar of Ru.
 13380 | Lair:2   | Reached skill level 10 in Axes
 13596 | Lair:2   | Found a frozen archway.
 13603 | Lair:2   | Received a gift from Trog
 13613 | IceCv    | Entered an ice cave
 13659 | IceCv    | Reached skill level 11 in Axes
 14027 | IceCv    | Reached skill level 12 in Axes
 14860 | Lair:2   | Reached skill level 13 in Axes
 15532 | Lair:3   | Noticed an eight-headed hydra
 15546 | Lair:3   | Killed a nine-headed hydra
 16203 | Lair:3   | Reached skill level 14 in Axes
 16437 | Lair:4   | Reached XP level 13. HP: 119/119 MP: 5/5
 16590 | Lair:4   | Noticed a seven-headed hydra
 16602 | Lair:4   | Killed a seven-headed hydra
 17177 | Lair:5   | Found a hole to the Spider Nest.
 17187 | Lair:5   | Received a gift from Trog
 17475 | Lair:5   | Reached skill level 15 in Axes
 17998 | Lair:6   | Reached skill level 16 in Axes
 18006 | Lair:6   | Received a gift from Trog
 18013 | Lair:6   | Found a dark tunnel.
 18025 | Volcano  | Entered a volcano
 18272 | Lair:6   | Found a staircase to the Shoals.
 18342 | Lair:7   | Found a staircase to the Slime Pits.
 18342 | Lair:7   | Found a viscous altar of Jiyva.
 18514 | Lair:7   | Reached skill level 17 in Axes
 18781 | Lair:7   | Received a gift from Trog
 19031 | Lair:7   | Reached skill level 18 in Axes
 19170 | Lair:7   | Got a shimmering tin ring
 19212 | Lair:7   | Identified the ring of Smaasch {Fire rPois Str-4} (You found it on level 7 of the Lair of Beasts)
 19398 | Lair:7   | Reached skill level 5 in Evocations
 19398 | Lair:7   | Reached XP level 14. HP: 127/127 MP: 5/18
 19649 | Lair:8   | Entered Level 8 of the Lair of Beasts
 19800 | Lair:8   | Reached XP level 15. HP: 134/134 MP: 19/19
 19923 | Lair:8   | Reached skill level 6 in Evocations
 20114 | Lair:8   | Received a gift from Trog
 20283 | Lair:8   | Reached skill level 7 in Evocations
 20786 | Lair:8   | Reached skill level 8 in Evocations
 21473 | Lair:2   | Gained mutation: You have sharp toenails. [potion of beneficial mutation]
 21602 | Orc:1    | Entered Level 1 of the Orcish Mines
 21604 | Orc:1    | Reached skill level 9 in Evocations
 21617 | Orc:1    | Received a gift from Trog
 21713 | Orc:1    | Found Paegi's Magic Scroll Shop.
 22124 | Orc:2    | Received a gift from Trog
 22158 | Orc:2    | Found a burning altar of Makhleb.
 22184 | Orc:2    | Found Agaduni's Assorted Antiques.
 22337 | Orc:2    | Bought a lumpy silver amulet for 135 gold pieces
 22777 | Orc:3    | Found a staircase to the Elven Halls.
 22808 | Orc:3    | Received a gift from Trog
 23053 | Orc:4    | Entered Level 4 of the Orcish Mines
 23255 | Orc:4    | Noticed Erica
 23305 | Orc:4    | Killed Erica
 23839 | Orc:4    | Reached skill level 10 in Evocations
 24015 | Orc:4    | Reached skill level 13 in Fighting
 24031 | Orc:4    | Received a gift from Trog
 24118 | Orc:4    | Found Jucvorakk's Gadget Emporium.
 24118 | Orc:4    | Found Oxaesat's Gadget Shop.
 24121 | Orc:4    | Found Saocaot's Antique Weapon Boutique.
 24123 | Orc:4    | Found Qyamag Oxiqe's Assorted Antiques.
 24127 | Orc:4    | Bought a scroll of identify for 58 gold pieces
 24130 | Orc:4    | Bought a wand of heal wounds (3) for 672 gold pieces
 24134 | Orc:4    | Bought a +1 rod of shadows (9/9) for 1200 gold pieces
 24302 | Elf:1    | Entered Level 1 of the Elven Halls
 25044 | Elf:1    | Reached skill level 7 in Armour
 25402 | Elf:2    | Reached skill level 8 in Dodging
 25481 | Elf:2    | Found a huge runed gate.
 25481 | Elf:2    | Found a huge runed gate.
 25492 | Elf:2    | Found a huge runed gate.
 25537 | Elf:2    | Reached skill level 8 in Armour
 25556 | Elf:2    | Received a gift from Trog
 25718 | Elf:2    | Noticed Jorgrun
 25735 | Elf:2    | Killed Jorgrun
 25735 | Elf:2    | Reached skill level 9 in Dodging
 25778 | Elf:2    | Noticed an eldritch tentacle
 25842 | Elf:2    | Reached skill level 9 in Armour
 26107 | Elf:2    | Identified the Collected Works on Unstable Clay
 26225 | Elf:2    | Identified Roxanne's Incunabulum of Changing and Stones
 26306 | Elf:2    | HP: 12/136 [dire flail of protection (28)]
 26310 | Elf:2    | Mangled by a dire flail of protection

Vanquished Creatures
  A deep elf sorcerer (Elf:2)
  Jorgrun (Elf:2)
  A minotaur (Lab)
  A fire dragon (Elf:2)
  3 hydras
  A centaur warrior (Orc:4)
  Erica (Orc:4)
  2 dancing weapons (Elf:2)
  7 death yaks
  A catoblepas (Elf:2)
  An ice devil (IceCv)
  A sun demon (Elf:2)
  Erolcha (D:9)
  A deep elf knight (Elf:2)
  A skeletal warrior (D:11)
  An unseen horror (D:10)
  2 ice statues (IceCv)
  4 hill giants
  2 deep elf summoners (Elf:1)
  14 deep elf conjurers
  2 wolf spiders
  An orc sorcerer (Elf:1)
  A griffon (Lair:8)
  2 orc knights
  A cyclops (D:9)
  2 ugly things (D:11)
  9 black mambas
  A guardian serpent (Lair:8)
  A guardian serpent (shapeshifter) (Elf:1)
  A siren (Lair:6)
  3 elephants (Lair:7)
  3 fire drakes
  10 spiny frogs
  A demonic crawler (Elf:1)
  11 komodo dragons
  A troll (Orc:4)
  4 deep elf priests
  A two-headed ogre (D:10)
  Grinder (D:4)
  A wandering mushroom (Elf:2)
  2 boulder beetles
  4 blink frogs
  8 blue devils (IceCv)
  A spriggan (Lair:7)
  4 basilisks
  21 deep elf magi
  3 wyverns
  35 yaks
  A wraith (D:11)
  Eustachio (D:4)
  6 fire bats
  10 deep elf fighters
  A hog (Elf:2)
  8 hippogriffs
  A steam dragon (D:11)
  13 wolves
  2 wargs
  9 porcupines
  2 insubstantial wisps (Elf:2)
  17 water moccasins
  5 spiders (Lair:8)
  26 orc warriors
  3 black bears
  3 yellow wasps (Lair:8)
  7 ice beasts
  2 sky beasts
  9 ogres
  3 phantoms
  A necrophage (D:9)
  16 centaurs
  6 crocodiles
  3 boring beetles (D:10)
  A wyvern zombie (D:7)
  2 big kobolds (D:10)
  A gnoll sergeant (D:9)
  8 giant frogs
  3 scorpions
  2 earth elementals (Elf:2)
  5 killer bees (D:7)
  A vampire bat (Elf:2)
  2 quasits (D:10)
  A goliath beetle (D:7)
  5 crimson imps
  2 electric eels
  A giant frog zombie (D:5)
  A centaur zombie (D:9)
  A giant frog skeleton (D:3)
  11 orc priests
  18 hounds
  4 jellies
  An elf zombie (Elf:1)
  8 iguanas
  35 orc wizards
  33 sheep
  13 worker ants
  An orange rat (Elf:1)
  24 gnolls
  30 river rats
  A worker ant zombie (D:5)
  31 adders
  2 shadow imps (D:6)
  A worm (D:4)
  19 white imps
  8 ufetubi
  2 adder skeletons
  2 adder zombies (D:5)
  4 giant geckos
  182 orcs
  2 ball pythons
  6 giant cockroaches
  32 goblins
  33 hobgoblins
  2 jackals (D:1)
  29 kobolds
  15 quokkas
  15 bats
  7 giant newts
  A giant spore (D:11)
  A quokka skeleton (D:5)
  A quokka zombie (D:7)
  8 rats
  3 ballistomycetes
  A bush (Lair:7)
  5 fungi
  18 plants
982 creatures vanquished.

Vanquished Creatures (collateral kills)
  An iron dragon (Elf:2)
  An orc warlord (Bailey)
  A hydra (Lair:3)
  2 skeletal warriors (D:11)
  An orc knight (Bailey)
  A wolf spider (Lair:8)
  A deep elf conjurer (Elf:2)
  2 spiny frogs
  A black mamba (Lair:8)
  A komodo dragon (Lair:6)
  A blink frog (Lair:6)
  3 blue devils (IceCv)
  A boulder beetle (Lair:6)
  A redback (Lair:8)
  A yak (Lair:6)
  A hippogriff (Lair:6)
  A porcupine (Lair:6)
  10 orc warriors
  A giant frog (Lair:3)
  2 crocodiles
  2 sheep (Lair:6)
  2 adders
  A gnoll (Bailey)
  6 river rats (Lair:6)
  A white imp (IceCv)
  3 orcs
  6 goblins (Bailey)
  4 hobgoblins (Bailey)
59 creatures vanquished.

Vanquished Creatures (others)
  A hill giant (Orc:4)
  A troll (Lair:8)
  A two-headed ogre (Volcano)
  A deep elf fighter (Elf:2)
  An ogre (D:7)
  A river rat (Lair:6)
  A white imp (IceCv)
  An ufetubus (IceCv)
  An orc (Orc:4)
  A giant spore (D:10)
  A ballistomycete (D:10)
  471 eldritch tentacle segments (Elf:2)
  2 fungi
  2 plants
486 creatures vanquished.

Grand Total: 1527 creatures vanquished
